[Event "Titled Tuesday Blitz June 14 Late 2022"]
[White "Martin Carmona, Gaston Manuel"]
[Black "Kohler, Aran"]
[WhiteFideId "22284567"]
[BlackFideId "1002856"]
[WhiteElo "2162"]
[BlackElo "2257"]
[Result "1-0"]
[Round "01"]
[TimeControl "180+1"]
[Date "2022.06.15"]
[WhiteClock "0:00:05"]
[BlackClock "0:00:01"]

1. d4 d5 2. c4 c6 3. Nc3 Nf6 4. e3 e6 5. Nf3 Nbd7 6. Be2 Bd6 7. O-O O-O 8. b3 b6 9. Bb2 Bb7 10. Qc2 c5 11. cxd5 exd5 12. Rfd1 Rc8 13. Rac1 c4 14. bxc4 dxc4 15. e4 Bf4 16. Rb1 a6 17. Ba3 Re8 18. e5 Nd5 19. Nxd5 Bxd5 20. Qf5 Bh6 21. Qh5 b5 22. Bc1 Bxc1 23. Rbxc1 h6 24. Qf5 Nf8 25. h4 Qd7 26. Qf4 b4 27. g4 Ng6 28. Qg3 c3 29. h5 Nf8 30. g5 Bxf3 31. Bxf3 hxg5 32. Qxg5 Qe6 33. Bg4 Qxa2 34. Bxc8 Rxc8 35. h6 Ng6 36. hxg7 Qe6 37. f4 Qh3 38. Qg2 Qxg2+ 39. Kxg2 b3 40. Kf3 b2 41. Rc2 Rb8 42. Rb1 Rb3 43. Ke4 Ne7 44. d5 Rb4+ 45. Kd3 Nxd5 46. f5 Rf4 47. f6 Rh4 48. Rf2 Rh3+ 49. Kc4 Ne3+ 50. Kb3 c2 51. Rxc2 Nxc2+ 52. Kxc2 Re3 53. Rxb2 Re2+ 54. Kb1 Rxb2+ 55. Kxb2 1-0


[Site "https://www.chess.com"]

[Event "Titled Tuesday Blitz June 14 Late 2022"]
[White "Mekhitarian, Krikor Sevag"]
[Black "Rios Escobar, Adan"]
[WhiteFideId "2107660"]
[BlackFideId "3403645"]
[WhiteElo "2611"]
[BlackElo "2432"]
[Result "1-0"]
[Round "01"]
[TimeControl "180+1"]
[Date "2022.06.15"]
[WhiteClock "0:00:04"]
[BlackClock "0:00:01"]

1. d4 Nf6 2. Nf3 g6 3. b3 Bg7 4. Bb2 O-O 5. e3 b6 6. c4 Bb7 7. Be2 d6 8. O-O Nbd7 9. d5 e5 10. dxe6 fxe6 11. Qc2 Qe7 12. Nc3 a6 13. Rad1 Rae8 14. h3 Nc5 15. Nd2 a5 16. a3 Qd8 17. b4 axb4 18. axb4 Ncd7 19. Bf3 Qc8 20. Bxb7 Qxb7 21. Nf3 Ra8 22. Nd4 Rfe8 23. b5 Nc5 24. Nc6 Nfd7 25. f4 Nb8 26. Nd4 Nbd7 27. Qb1 e5 28. Nf3 e4 29. Ne1 Nf6 30. f5 Nh5 31. fxg6 hxg6 32. Nd5 Ng3 33. Nf6+ Kh8 34. Nxe8 Rxe8 35. Rf7 Bxb2 36. Qxb2+ Re5 37. Rxd6 cxd6 38. Rxb7 Nxb7 39. Kh2 Nf5 40. Qd2 Nc5 41. Nc2 Nd3 42. Nd4 Nxd4 43. exd4 Re6 44. Qe3 Kg8 45. d5 Re5 46. Kg3 Kg7 47. h4 Kf6 48. Kg4 Kf7 49. Kh3 Kf6 50. g4 Kf7 51. Kg3 Kf6 52. Kg2 Kf7 53. Kf1 Kf6 54. Ke2 Kf7 55. Qh6 Re7 56. h5 gxh5 57. g5 Ke8 58. g6 Ne5 59. g7 Nf7 60. g8=Q+ Kd7 61. Qf6 Ne5 62. Qf5+ Kc7 63. Qgc8# 1-0


[Site "https://www.chess.com"]

[Event "Titled Tuesday Blitz June 14 Late 2022"]
[White "Meshkovs, Nikita"]
[Black "Urbina Perez, Juan Antonio"]
[WhiteFideId "11602740"]
[BlackFideId "2217368"]
[WhiteElo "2506"]
[BlackElo "2192"]
[Result "1-0"]
[Round "01"]
[TimeControl "180+1"]
[Date "2022.06.14"]
[WhiteClock "0:01:13"]
[BlackClock "0:01:16"]

1. Nf3 d5 2. d4 Nf6 3. c4 c6 4. Nc3 a6 5. c5 Bf5 6. Nh4 Be4 7. Qb3 Ra7 8. f3 Bg6 9. f4 Be4 10. Nf3 e6 11. Bd2 Nbd7 12. Na4 Be7 13. e3 Bxf3 14. gxf3 Nh5 15. O-O-O O-O 16. Kb1 b6 17. cxb6 Rb7 18. Bxa6 Rb8 19. b7 c5 20. dxc5 Nxc5 21. Nxc5 Bxc5 22. Rc1 Ba7 23. Rc8 Qd6 24. Qb5 Qb6 25. Qxb6 Bxb6 26. Bb4 Re8 27. Bd6 1-0


[Site "https://www.chess.com"]

[Event "Titled Tuesday Blitz June 14 Late 2022"]
[White "Moroni, Luca Jr"]
[Black "Adewumi, Tanitoluwa"]
[WhiteFideId "865834"]
[BlackFideId "30966396"]
[WhiteElo "2573"]
[BlackElo "2463"]
[Result "1-0"]
[Round "01"]
[TimeControl "180+1"]
[Date "2022.06.14"]
[WhiteClock "0:00:39"]
[BlackClock "0:00:12"]

1. c4 e5 2. Nc3 Nc6 3. e3 Nf6 4. Qb3 g6 5. d3 Bg7 6. g3 O-O 7. Bg2 d6 8. Nge2 Na5 9. Qc2 Nc6 10. a3 Be6 11. Nd5 Rb8 12. O-O Ne7 13. e4 c6 14. Nxf6+ Bxf6 15. Bh6 Bg7 16. Be3 b6 17. f4 d5 18. fxe5 Bxe5 19. Bf4 Qd6 20. Bxe5 Qxe5 21. d4 Qg7 22. Rad1 Rbd8 23. Nf4 Bg4 24. Rd2 dxe4 25. Qxe4 Nf5 26. d5 Rfe8 27. dxc6 Rc8 28. Qd3 Ne3 29. Re1 Nxg2 30. Rxe8+ Rxe8 31. Kxg2 Qe5 32. Qd4 Qxd4 33. Rxd4 Rc8 34. Nd5 Kf8 35. Rxg4 Rxc6 36. Rd4 Rd6 37. Kf3 b5 38. cxb5 Ke8 39. a4 Kd7 40. Nf6+ Ke6 41. Rxd6+ Kxd6 42. a5 Kc5 43. b6 axb6 44. axb6 Kxb6 45. Nxh7 Kc6 46. Ng5 f6 47. Nh7 f5 48. Nf8 g5 49. Ne6 f4 50. Nxg5 Kd5 51. gxf4 Kd6 52. h4 Ke7 53. h5 Kd8 54. b4 Ke7 55. h6 Kf6 56. h7 Kf5 57. b5 Kg6 58. b6 Kf5 59. b7 Kg6 60. b8=Q Kf5 61. Qf8+ Kg6 62. Qg8+ Kf5 63. Qf7# 1-0


[Site "https://www.chess.com"]

[Event "Titled Tuesday Blitz June 14 Late 2022"]
[White "Nozdrachev, Leonid"]
[Black "Vachier-Lagrave, Maxime"]
[WhiteFideId "24113433"]
[BlackFideId "623539"]
[WhiteElo "2129"]
[BlackElo "2813"]
[Result "0-1"]
[Round "01"]
[TimeControl "180+1"]
[Date "2022.06.14"]
[WhiteClock "0:00:02"]
[BlackClock "0:00:42"]

1. e4 c5 2. c3 Nf6 3. e5 Nd5 4. d4 cxd4 5. Nf3 Nc6 6. Bc4 Nb6 7. Bb3 g6 8. cxd4 Bg7 9. Bf4 d6 10. exd6 O-O 11. O-O exd6 12. Nc3 Bg4 13. h3 Bxf3 14. Qxf3 Qd7 15. d5 Nd4 16. Qd3 Rfe8 17. Rfe1 h5 18. Be3 Qf5 19. Qxf5 Nxf5 20. Bxb6 axb6 21. Kf1 Be5 22. g3 Kg7 23. Kg2 h4 24. g4 Nd4 25. Rad1 f5 26. f4 Nxb3 27. fxe5 Nc5 28. exd6 Kf6 29. Nb5 Rxe1 30. Rxe1 Rxa2 31. Re2 Ne4 32. Nc7 Kf7 33. gxf5 gxf5 34. d7 Ke7 35. Ne6 Kxd7 36. Nd4 Ng3 37. Rf2 Kd6 38. Nxf5+ Nxf5 39. Rxf5 Rxb2+ 40. Kf3 Rb4 41. Rh5 b5 42. Rh7 Kxd5 43. Rxb7 Kc6 44. Rg7 Rc4 45. Rg5 Kb6 46. Ke3 Ka5 47. Kd3 Ka4 48. Rg1 Ka3 49. Ra1+ Kb2 50. Ra5 Rc3+ 51. Kd4 b4 52. Rb5 b3 53. Rh5 Rxh3 54. Kc4 Kc2 55. Rg5 Rg3 56. Rf5 Rg4+ 57. Kd5 b2 58. Rf2+ Kb3 59. Rf4 Rxf4 0-1


[Site "https://www.chess.com"]

[Event "Titled Tuesday Blitz June 14 Late 2022"]
[White "Onslow, Alfie"]
[Black "Yaksin, Oleg"]
[WhiteFideId "436976"]
[BlackFideId "24105880"]
[WhiteElo "1885"]
[BlackElo "2256"]
[Result "0-1"]
[Round "01"]
[TimeControl "180+1"]
[Date "2022.06.15"]
[WhiteClock "0:00:02"]
[BlackClock "0:00:07"]

1. e4 c5 2. Nc3 Nc6 3. Bb5 g6 4. Bxc6 dxc6 5. f4 Bg7 6. Nf3 Bg4 7. O-O Nf6 8. d3 O-O 9. Qe1 Bxf3 10. Rxf3 e6 11. Rh3 Nd7 12. f5 exf5 13. Bh6 Re8 14. Qd2 Bd4+ 15. Kh1 fxe4 16. Nxe4 f5 17. Bg5 Qc7 18. Bf4 Be5 19. Bxe5 Qxe5 20. Ng5 Nf6 21. c3 Qe2 22. Qc1 Rad8 23. b4 Rxd3 24. Rxd3 Qxd3 25. bxc5 Ng4 26. h3 Ne3 27. Qe1 Qd5 28. Qg3 Qxc5 29. Re1 Qxc3 30. Qh4 Qg7 31. Qf4 Qe7 32. Nf3 Qe4 33. Qg5 Kg7 34. Nh4 Kf7 35. Qh6 Re7 36. Qxh7+ Ke6 37. Qxg6+ Kd7 38. Qg5 f4 0-1


[Site "https://www.chess.com"]

[Event "Titled Tuesday Blitz June 14 Late 2022"]
[White "Oparin, Grigoriy"]
[Black "Perera Alfonso, Rene Humberto"]
[WhiteFideId "24125890"]
[BlackFideId "3514722"]
[WhiteElo "2639"]
[BlackElo "2313"]
[Result "1-0"]
[Round "01"]
[TimeControl "180+1"]
[Date "2022.06.14"]
[WhiteClock "0:01:39"]
[BlackClock "0:00:13"]

1. f4 b6 2. e4 Bb7 3. Nc3 e6 4. d4 Bb4 5. Bd3 Nf6 6. Qe2 d5 7. e5 Ne4 8. Bd2 Qh4+ 9. g3 Nxg3 10. hxg3 Qxh1 11. O-O-O Nc6 12. Nf3 Qh3 13. Ng5 Qxg3 14. Be3 h6 15. Nf3 O-O-O 16. Rg1 Qh3 17. Nd1 f5 18. exf6 gxf6 19. Nf2 Qh5 20. Bg6 Qxf3 21. Qxf3 f5 22. Bf7 Rd6 23. Nd3 Nd8 24. Bh5 Ba5 25. b4 1-0


[Site "https://www.chess.com"]

[Event "Titled Tuesday Blitz June 14 Late 2022"]
[White "Ozates, Tuna"]
[Black "Kozak, Adam"]
[WhiteFideId "6354521"]
[BlackFideId "753246"]
[WhiteElo "1887"]
[BlackElo "2459"]
[Result "0-1"]
[Round "01"]
[TimeControl "180+1"]
[Date "2022.06.14"]
[WhiteClock "0:00:02"]
[BlackClock "0:00:16"]

1. e4 c5 2. Nf3 d6 3. Bb5+ Bd7 4. Bxd7+ Nxd7 5. O-O Ngf6 6. Qe2 Rc8 7. b3 g6 8. Bb2 Bg7 9. d4 cxd4 10. Nxd4 a6 11. c4 O-O 12. Nc3 Nc5 13. Rad1 Ncd7 14. Kh1 Re8 15. f4 Qa5 16. a3 Qc7 17. g4 Nc5 18. g5 Nfd7 19. Nd5 Qd8 20. b4 Na4 21. Ba1 Nab6 22. f5 Nxc4 23. fxg6 hxg6 24. Qg4 Nce5 25. Qh4 Nf8 26. Nf3 Nfd7 27. Nxe5 Nxe5 28. Bxe5 dxe5 29. Nf6+ exf6 30. Rxd8 Rexd8 31. gxf6 Bh8 32. Qg5 Rc6 33. Qxe5 Re6 34. Qc7 Rde8 35. Rf4 b5 36. Qb7 Bxf6 37. Kg2 R8e7 38. Qc8+ Kg7 39. Kf3 Re8 40. Qd7 Rd8 41. Qb7 Rd3+ 42. Ke2 Rxa3 43. h4 Rh3 44. Qc8 Rxh4 45. Rxh4 Bxh4 46. Ke3 Be7 47. Qc3+ Bf6 48. Qb3 Rc6 49. Qd5 Re6 50. Kf3 Be5 51. Qd3 Rf6+ 52. Ke3 g5 53. Qd5 Re6 54. Qd8 Bf6 55. Qd5 Be7 56. Qf5 Rg6 57. e5 Bxb4 58. Ke4 Be7 59. Kd5 g4 60. Qf4 g3 61. Qf1 g2 62. Qg1 Bh4 63. Ke4 Bf2 64. Qxf2 g1=Q 0-1


[Site "https://www.chess.com"]

[Event "Titled Tuesday Blitz June 14 Late 2022"]
[White "Paravyan, David"]
[Black "Girsh, Daniel"]
[WhiteFideId "4194985"]
[BlackFideId "30949190"]
[WhiteElo "2569"]
[BlackElo "2501"]
[Result "1-0"]
[Round "01"]
[TimeControl "180+1"]
[Date "2022.06.14"]
[WhiteClock "0:02:05"]
[BlackClock "0:01:19"]

1. e4 c5 2. Nf3 d6 3. d4 cxd4 4. Nxd4 Nf6 5. Nc3 a6 6. Bg5 e6 7. f4 Be7 8. Qf3 Qc7 9. O-O-O Nbd7 10. Bd3 b5 11. Rhe1 Bb7 12. Qg3 h6 13. Bxf6 Nxf6 14. e5 Nh5 15. Nxe6 fxe6 16. Qg6+ Kd7 17. exd6 Nxf4 18. Bxb5+ Kc8 19. Qxg7 Ne2+ 20. Bxe2 Bg5+ 21. Qxg5 hxg5 22. dxc7 Rxh2 23. Bf3 Kxc7 24. Bxb7 Kxb7 25. Rxe6 Rxg2 26. Rd7+ Kc8 27. Rh7 Kd8 28. Rg6 Rg1+ 29. Nd1 1-0


[Site "https://www.chess.com"]

[Event "Titled Tuesday Blitz June 14 Late 2022"]
[White "Pesotskiy, Mikhail"]
[Black "Kollars, Dmitrij"]
[WhiteFideId "34164453"]
[BlackFideId "12909572"]
[WhiteElo "2010"]
[BlackElo "2584"]
[Result "0-1"]
[Round "01"]
[TimeControl "180+1"]
[Date "2022.06.14"]
[WhiteClock "0:00:15"]
[BlackClock "0:01:34"]

1. d4 d5 2. c4 e6 3. Nc3 c5 4. cxd5 exd5 5. Nf3 Nf6 6. e3 c4 7. Be2 Bb4 8. O-O O-O 9. Ne5 Nc6 10. Bf3 Re8 11. Qa4 Nxe5 12. dxe5 Bxc3 13. bxc3 Rxe5 14. Rd1 Bg4 15. Bxg4 Nxg4 16. h3 Nf6 17. Ba3 Ne4 18. Qc2 Qh4 19. f3 Nf6 20. Rd4 Qh6 21. Bc1 Rae8 22. Bd2 Qg6 23. Qxg6 hxg6 24. Rb1 b6 25. a4 R5e6 26. a5 bxa5 27. Ra1 Ra6 28. e4 dxe4 29. Rxc4 exf3 30. gxf3 Nd7 31. Rc7 Ne5 32. Kg2 a4 33. Bf4 Nd3 34. Rc4 a3 35. Kg3 a2 0-1


[Site "https://www.chess.com"]

[Event "Titled Tuesday Blitz June 14 Late 2022"]
[White "Prieto Aranguren, Alain"]
[Black "Kosteniuk, Alexandra"]
[WhiteFideId "2268906"]
[BlackFideId "4128125"]
[WhiteElo "2224"]
[BlackElo "2469"]
[Result "0-1"]
[Round "01"]
[TimeControl "180+1"]
[Date "2022.06.15"]
[WhiteClock "0:00:07"]
[BlackClock "0:00:55"]

1. d4 f5 2. Bg5 g6 3. Nc3 Bg7 4. e4 d6 5. Nf3 h6 6. Be3 Nf6 7. e5 Ng4 8. Bf4 g5 9. Bg3 f4 10. h3 fxg3 11. hxg4 gxf2+ 12. Kxf2 Bxg4 13. Bc4 e6 14. Kg3 Bf5 15. Qe2 Nc6 16. Rad1 Qe7 17. Rhe1 O-O-O 18. b4 dxe5 19. dxe5 Qxb4 20. Ne4 Nxe5 21. Nxe5 Bxe5+ 22. Kf2 Rhf8 23. Kg1 Qb6+ 24. Kh1 Kb8 25. Rb1 Qc6 26. Nf2 Bg3 27. Rf1 Rd4 28. Bb5 Rh4+ 0-1


[Site "https://www.chess.com"]

[Event "Titled Tuesday Blitz June 14 Late 2022"]
[White "Pulpan, Jakub"]
[Black "Lorenzo De La Riva, Lazaro"]
[WhiteFideId "302759"]
[BlackFideId "2268809"]
[WhiteElo "2495"]
[BlackElo "2325"]
[Result "0-1"]
[Round "01"]
[TimeControl "180+1"]
[Date "2022.06.15"]
[WhiteClock "0:00:11"]
[BlackClock "0:00:17"]

1. d4 d5 2. Bg5 f6 3. Bf4 Nc6 4. Nf3 Bg4 5. Nbd2 e6 6. c4 dxc4 7. e3 Bd6 8. Bxd6 cxd6 9. Bxc4 d5 10. Bd3 Nge7 11. h3 Bh5 12. Qb1 f5 13. b4 Bxf3 14. Nxf3 O-O 15. O-O Ng6 16. Rc1 Qd6 17. a3 Rac8 18. Ra2 Nce7 19. Rac2 Rxc2 20. Rxc2 Rc8 21. Rxc8+ Nxc8 22. Qc2 Nb6 23. g3 Kf8 24. h4 Ke8 25. Ng5 Nf8 26. Qe2 g6 27. h5 Qe7 28. Nf3 Kd8 29. Ne5 Nbd7 30. Nf3 g5 31. Bb5 g4 32. Ne1 Nf6 33. h6 a6 34. Ba4 Ne4 35. Bc2 Ng5 36. Qd2 Nd7 37. a4 Nb6 38. a5 Nc4 39. Qc3 Qc7 40. Nd3 Nf3+ 41. Kh1 Qf7 42. Nf4 Qf6 43. Kg2 Qxh6 44. Kf1 Qh1+ 45. Ke2 Ng1+ 46. Kf1 Nh3+ 47. Ke2 Qh2 48. Nxe6+ Ke7 49. Nf4 Qxf2+ 50. Kd1 Nxf4 51. exf4 Ne3+ 52. Kc1 Qxc2+ 53. Qxc2 Nxc2 54. Kxc2 h5 55. Kd3 Kd6 56. Kc3 Kc6 57. Kc2 Kb5 58. Kb3 h4 59. gxh4 g3 60. h5 g2 61. h6 g1=Q 62. h7 Qg7 63. Ka2 Qxh7 64. Ka3 Qh4 65. Kb2 Qxf4 66. Ka2 Qxd4 67. Kb1 Qc4 68. Ka1 f4 0-1


[Site "https://www.chess.com"]

[Event "Titled Tuesday Blitz June 14 Late 2022"]
[White "Romero Ruscalleda, Josep"]
[Black "Araujo Sanchez, Josue"]
[WhiteFideId "2231859"]
[BlackFideId "6416896"]
[WhiteElo "2343"]
[BlackElo "2339"]
[Result "1-0"]
[Round "01"]
[TimeControl "180+1"]
[Date "2022.06.15"]
[WhiteClock "0:00:04"]
[BlackClock "0:00:03"]

1. e4 c5 2. c3 d5 3. exd5 Qxd5 4. d4 g6 5. Nf3 Bg7 6. dxc5 Qxc5 7. Be3 Qc7 8. Na3 Bd7 9. Qb3 Nf6 10. Nb5 Bxb5 11. Bxb5+ Nc6 12. O-O O-O 13. Rfe1 a6 14. Bd3 b5 15. a4 Na5 16. Qc2 Nc4 17. Bd4 Rfd8 18. axb5 axb5 19. Rxa8 Rxa8 20. Ne5 Ra2 21. Qc1 e6 22. Bb1 Ra1 23. Nxc4 bxc4 24. h3 Nd5 25. Bxg7 Kxg7 26. Qd2 Qf4 27. Qe2 Ra4 28. g3 Qf6 29. Kg2 h5 30. h4 Nb6 31. Be4 Ra5 32. Qe3 Nd5 33. Qd2 Rb5 34. Re2 Ne7 35. Qd6 Nf5 36. Bxf5 Qxf5 37. Qd4+ Qf6 38. Qxc4 Rd5 39. Qe4 Rd1 40. b4 Qxc3 41. Qe5+ Qxe5 42. Rxe5 Rb1 43. Rb5 Kf6 44. Rb7 Rb3 45. Kf1 Rb2 46. Kg2 e5 47. b5 Ke6 48. b6 e4 49. Kf1 Kf6 50. Ke1 Ke6 51. Rb8 Ke7 52. b7 Kf6 53. Kd1 Rb3 54. Kc2 Rb4 55. Kc3 Rb1 56. Kd4 Kf5 57. Ke3 Rb3+ 58. Ke2 Rb2+ 59. Ke3 Rb3+ 60. Ke2 Rb2+ 61. Ke3 Rb6 62. Ke2 f6 63. Ke3 Rb2 64. Kd4 Rb3 65. Kd5 Rb4 66. Kc5 Rb1 67. Kc6 Kg4 68. Rf8 Rc1+ 69. Kb6 Rb1+ 70. Kc7 Kf3 71. Rxf6+ Kg4 72. Rb6 Rc1+ 73. Kd6 Rd1+ 74. Ke5 Kf3 75. b8=Q Kxf2 76. Qf8+ Kxg3 77. Rb3+ Kxh4 78. Qf4# 1-0


[Site "https://www.chess.com"]

[Event "Titled Tuesday Blitz June 14 Late 2022"]
[White "Rosen, Eric"]
[Black "Sarkar, Justin"]
[WhiteFideId "2032562"]
[BlackFideId "2010011"]
[WhiteElo "2362"]
[BlackElo "2020"]
[Result "1-0"]
[Round "01"]
[TimeControl "180+1"]
[Date "2022.06.15"]
[WhiteClock "0:00:04"]
[BlackClock "0:00:01"]

1. d4 Nf6 2. Bf4 d5 3. e3 e6 4. Nf3 c5 5. Nbd2 Nc6 6. c3 Nh5 7. Bg5 f6 8. Bh4 g6 9. Bb5 Bd7 10. O-O Be7 11. c4 cxd4 12. exd4 O-O 13. Re1 a6 14. cxd5 axb5 15. dxc6 bxc6 16. Qb3 Nf4 17. Bg3 Nd5 18. Rac1 Qa5 19. a3 Qa4 20. Qd3 Rad8 21. Ne4 b4 22. Rc4 Qb5 23. axb4 Nxb4 24. Qb3 Nd5 25. Qc2 Nb4 26. Qe2 e5 27. dxe5 Be6 28. Rcc1 Qxe2 29. Rxe2 Nd3 30. Rf1 fxe5 31. Bh4 Bxh4 32. Nxh4 Bd5 33. Nc3 Nf4 34. Rd2 Bc4 35. Rfd1 Rxd2 36. Rxd2 Nd3 37. Nf3 e4 38. Nxe4 Rd8 39. Nc3 1-0


[Site "https://www.chess.com"]

[Event "Titled Tuesday Blitz June 14 Late 2022"]
[White "Sadhwani, Raunak"]
[Black "Petrovic, Aleksa"]
[WhiteFideId "35093487"]
[BlackFideId "967629"]
[WhiteElo "2616"]
[BlackElo "2117"]
[Result "1-0"]
[Round "01"]
[TimeControl "180+1"]
[Date "2022.06.14"]
[WhiteClock "0:02:30"]
[BlackClock "0:00:36"]

1. d4 Nf6 2. Nf3 e6 3. Bf4 Bd6 4. e3 O-O 5. Bxd6 cxd6 6. Nbd2 Nc6 7. Bd3 d5 8. O-O d6 9. e4 dxe4 10. Nxe4 Nxe4 11. Bxe4 d5 12. Bd3 Bd7 13. c3 Qf6 14. Re1 Rfe8 15. Qe2 Re7 16. Bb5 Nb8 17. a4 a6 18. Bd3 Nc6 19. a5 Rae8 20. Ne5 Nxe5 21. dxe5 Qg5 22. g3 Bc6 23. f4 Qh6 24. Qf2 g5 25. fxg5 Qxg5 26. Qd4 Kh8 27. Rf1 Rg8 28. Rf4 Bb5 29. Bxb5 axb5 30. Raf1 Rc7 31. Rxf7 Rxf7 32. Rxf7 Qc1+ 33. Kg2 Qxb2+ 34. Kh3 Qc2 35. Qh4 Qg6 36. Qf6+ Qxf6 37. exf6 Rc8 38. Rxb7 Kg8 39. a6 1-0


[Site "https://www.chess.com"]

[Event "Titled Tuesday Blitz June 14 Late 2022"]
[White "Salem, A.R. Saleh"]
[Black "D`Arruda, Ricardo D."]
[WhiteFideId "9301348"]
[BlackFideId "100692"]
[WhiteElo "2679"]
[BlackElo "2493"]
[Result "1-0"]
[Round "01"]
[TimeControl "180+1"]
[Date "2022.06.14"]
[WhiteClock "0:02:27"]
[BlackClock "0:00:21"]

1. d4 Nf6 2. c4 e5 3. dxe5 Ne4 4. Nd2 Nc5 5. Ngf3 Nc6 6. g3 d6 7. exd6 Qxd6 8. Bg2 Be7 9. O-O Bf5 10. a3 O-O-O 11. b4 Ne4 12. Qb3 Bf6 13. Nxe4 Bxe4 14. Bf4 Qe6 15. Rad1 Bxf3 16. Qxf3 Qxc4 17. Rc1 Qb5 18. a4 Qxa4 19. b5 Qxb5 20. Rb1 Qa6 21. Rfc1 Rd7 22. Bh3 Rd8 23. Qb3 Kb8 24. Bg2 Rd6 25. Bxd6 Rxd6 26. Qxf7 Nd8 27. Qxc7+ 1-0


[Site "https://www.chess.com"]

[Event "Titled Tuesday Blitz June 14 Late 2022"]
[White "Salimova, Nurgyul"]
[Black "Moskvin, Anatoly"]
[WhiteFideId "2915138"]
[BlackFideId "24199990"]
[WhiteElo "2184"]
[BlackElo "2079"]
[Result "1-0"]
[Round "01"]
[TimeControl "180+1"]
[Date "2022.06.15"]
[WhiteClock "0:00:19"]
[BlackClock "0:00:12"]

1. d4 Nf6 2. Nf3 c5 3. d5 g6 4. Nc3 d6 5. e4 Bg7 6. Bd3 O-O 7. Nd2 Ne8 8. O-O Nc7 9. a4 Nba6 10. Nc4 Nb4 11. Be2 Rb8 12. Bg5 h6 13. Bf4 b6 14. Qd2 Kh7 15. h4 f5 16. Bf3 fxe4 17. Bxe4 Bf5 18. Rae1 Qd7 19. h5 g5 20. Bg3 Bxe4 21. Rxe4 Bxc3 22. bxc3 Nbxd5 23. Rfe1 e5 24. Nxd6 Qxd6 25. Bxe5 Qc6 26. Bxc7 Nxc7 27. Re7+ Kg8 28. Qd3 Rf7 29. Rxf7 Kxf7 30. Qh7+ Kf8 31. Qh8+ Kf7 32. Qxb8 Ne6 33. Qxa7+ Kf6 34. Qh7 Qd5 35. Qxh6+ Ke7 36. Qxe6+ Qxe6 37. Rxe6+ Kxe6 38. g4 1-0


[Site "https://www.chess.com"]

[Event "Titled Tuesday Blitz June 14 Late 2022"]
[White "Sargsyan, Anna M."]
[Black "Tarasova, Viktoriya"]
[WhiteFideId "13308130"]
[BlackFideId "4175840"]
[WhiteElo "2271"]
[BlackElo "2182"]
[Result "1-0"]
[Round "01"]
[TimeControl "180+1"]
[Date "2022.06.15"]
[WhiteClock "0:00:13"]
[BlackClock "0:00:02"]

1. d4 Nf6 2. c4 e6 3. Nf3 b6 4. g3 Ba6 5. Qc2 c5 6. d5 Bb7 7. Bg2 exd5 8. cxd5 Nxd5 9. O-O Be7 10. Rd1 Nc6 11. a3 Nf6 12. Nc3 O-O 13. e4 Qb8 14. e5 Nxe5 15. Nxe5 Bxg2 16. Nxd7 Qb7 17. Nxf8 Rxf8 18. f4 Bf3 19. Rf1 Bc6 20. h3 b5 21. Kh2 b4 22. axb4 cxb4 23. Ne2 Be4 24. Qb3 Rc8 25. Nd4 Bd5 26. Qa4 Bc5 27. Be3 Re8 28. Rfe1 Re4 29. Bg1 h5 30. Rxe4 Bxe4 31. Ne2 Bxg1+ 32. Nxg1 Qd5 33. Rd1 Qc5 34. Rd2 a5 35. Qd1 1-0


[Site "https://www.chess.com"]

[Event "Titled Tuesday Blitz June 14 Late 2022"]
[White "Saveliev, Alexei"]
[Black "Novikova, Galina"]
[WhiteFideId "24128546"]
[BlackFideId "4157095"]
[WhiteElo "2281"]
[BlackElo "1863"]
[Result "0-1"]
[Round "01"]
[TimeControl "180+1"]
[Date "2022.06.15"]
[WhiteClock "0:00:09"]
[BlackClock "0:00:06"]

1. c4 e6 2. Nc3 f5 3. e4 fxe4 4. Nxe4 g6 5. d4 Bg7 6. Nf3 Ne7 7. Be2 O-O 8. O-O d6 9. Bg5 Nbc6 10. Qd2 e5 11. d5 Nd4 12. Nxd4 exd4 13. Rae1 Qd7 14. Bh6 Nf5 15. Bxg7 Qxg7 16. Bg4 Bd7 17. Ng5 Rae8 18. Nf3 Ne3 19. fxe3 Bxg4 20. Nxd4 Rxf1+ 21. Rxf1 Qe5 22. h3 Bd7 23. Rf3 Rf8 24. Rxf8+ Kxf8 25. Qf2+ Kg7 26. Qf4 Qe7 27. Kf2 a6 28. b3 Qe8 29. h4 Qe7 30. g4 Qxh4+ 31. Kf3 Qh3+ 32. Qg3 Bxg4+ 33. Kf2 Qxg3+ 34. Kxg3 Bd7 35. a4 h5 36. Kf4 Kf6 37. Nf3 Bg4 38. Ng5 Bd1 39. Ne4+ Kg7 40. Nd2 Kf6 41. Ne4+ Kg7 42. Nd2 Kh6 43. a5 g5+ 44. Kf5 h4 45. b4 h3 46. Nf1 Kh5 47. c5 Kh4 48. cxd6 cxd6 49. e4 g4 50. e5 g3 51. Nxg3 Kxg3 52. exd6 Bg4+ 53. Kf6 h2 54. Ke7 h1=Q 55. d7 Bxd7 56. Kd6 Qh7 57. Kc5 Bb5 58. Kb6 Qd7 59. Kc5 Qc7+ 60. Kd4 Qd6 61. Ke4 Bc4 62. b5 Qxd5+ 63. Ke3 Qd3# 0-1


[Site "https://www.chess.com"]

[Event "Titled Tuesday Blitz June 14 Late 2022"]
[White "Seletsky, Grigory"]
[Black "Aldokhin, Ivan"]
[WhiteFideId "14112191"]
[BlackFideId "24115720"]
[WhiteElo "2492"]
[BlackElo "2231"]
[Result "0-1"]
[Round "01"]
[TimeControl "180+1"]
[Date "2022.06.15"]
[WhiteClock "0:00:25"]
[BlackClock "0:00:09"]

1. e4 c5 2. Nc3 e6 3. f4 a6 4. Nf3 b5 5. d3 Bb7 6. g3 Nf6 7. Bg2 d5 8. e5 Nfd7 9. O-O d4 10. Ne4 Bxe4 11. dxe4 Nc6 12. h4 Be7 13. h5 h6 14. g4 Qb6 15. Kh1 c4 16. a4 O-O-O 17. axb5 axb5 18. Qe1 Nb4 19. Qd1 Nc6 20. Qe1 Nc5 21. f5 d3 22. Be3 dxc2 23. Qf2 Nb4 24. f6 gxf6 25. exf6 Bf8 26. Ne5 Qc7 27. Ra8+ Kb7 28. Rxd8 Qxe5 29. Bf4 Nbd3 30. Rxd3 Nxd3 31. Qd2 Nxf4 32. Rxf4 Bd6 33. Qxd6 c1=Q+ 34. Rf1 Qxf1+ 0-1


[Site "https://www.chess.com"]

[Event "Titled Tuesday Blitz June 14 Late 2022"]
[White "Seo, Jung Min"]
[Black "Ocelak, Jakub"]
[WhiteFideId "1734687"]
[BlackFideId "23707933"]
[WhiteElo "2414"]
[BlackElo "2048"]
[Result "1-0"]
[Round "01"]
[TimeControl "180+1"]
[Date "2022.06.15"]
[WhiteClock "0:01:07"]
[BlackClock "0:00:10"]

1. d4 Nf6 2. c4 e6 3. g3 d5 4. Bg2 Be7 5. Nf3 O-O 6. O-O c6 7. Qc2 Nbd7 8. Nbd2 b6 9. e4 dxe4 10. Nxe4 Bb7 11. Rd1 Nxe4 12. Qxe4 Nf6 13. Qe2 Qc8 14. Bf4 c5 15. d5 Rd8 16. dxe6 Qxe6 17. Qxe6 fxe6 18. Ng5 Bxg2 19. Kxg2 Nh5 20. Nxe6 Rxd1 21. Rxd1 Kf7 22. Ng5+ Kg6 23. Nh3 Rd8 24. Rxd8 Bxd8 25. Bb8 a6 26. g4 Nf6 27. f3 Nd7 28. Bd6 Bf6 29. b3 Kf7 30. f4 Ke6 31. Bc7 g6 32. Kf3 b5 33. Nf2 Bd4 34. Ne4 h6 35. h3 Ke7 36. Ng3 Nf6 37. f5 Kd7 38. Bf4 g5 39. Bd2 Kc6 40. Ne4 Nd7 41. cxb5+ axb5 42. h4 Kd5 43. Nc3+ Bxc3 44. Bxc3 gxh4 45. Bg7 1-0


[Site "https://www.chess.com"]

[Event "Titled Tuesday Blitz June 14 Late 2022"]
[White "Taboas Rodriguez, Daniel"]
[Black "McNeill, Gordon"]
[WhiteFideId "2208466"]
[BlackFideId "30920760"]
[WhiteElo "2429"]
[BlackElo "2238"]
[Result "1/2-1/2"]
[Round "01"]
[TimeControl "180+1"]
[Date "2022.06.15"]
[WhiteClock "0:00:27"]
[BlackClock "0:00:06"]

1. d4 d5 2. Nf3 Nf6 3. c4 c6 4. cxd5 cxd5 5. Nc3 Nc6 6. Bf4 a6 7. Rc1 Qb6 8. Na4 Qa5+ 9. Bd2 Qc7 10. Ne5 Bd7 11. e3 e6 12. Bd3 Bd6 13. f4 O-O 14. O-O Qd8 15. Nc5 Rb8 16. a3 Ne7 17. Qe2 Bc8 18. b4 Ne8 19. Be1 f6 20. Nf3 a5 21. Qc2 f5 22. Bh4 axb4 23. axb4 Nf6 24. Ne5 b6 25. Na6 Bxa6 26. Bxa6 Bxb4 27. Bb5 Bd6 28. Bxf6 Rxf6 29. Nd7 Rg6 30. Nxb8 Bxb8 31. Rf3 h6 32. Qf2 Kh7 33. Rg3 Rxg3 34. Qxg3 Ng8 35. Qf2 Nf6 36. Qc2 Ne4 37. Qc8 Qh4 38. Qc2 Bd6 39. Bd3 Nf6 40. h3 Qg3 41. Qf2 Qg6 42. Rc6 Ne8 43. Rxb6 Qf6 44. Bb5 Qd8 45. Rc6 Nf6 46. Bd3 Qd7 47. Qc2 Qe7 48. Rc8 Nh5 49. Qf2 Nf6 50. g4 g6 51. Qf3 Ne4 52. Rc2 Qa7 53. Kh2 Qa1 54. Rg2 Qe1 55. Bxe4 dxe4 56. Qf2 Qc3 57. Qg3 g5 58. gxf5 exf5 59. h4 Qc8 60. hxg5 Qe8 61. g6+ Kg7 62. Qh4 Qe6 63. Qd8 Be7 64. Qc7 Qf6 65. Qd7 Qh4+ 66. Kg1 Qe1+ 67. Kh2 Qh4+ 68. Kg1 Qe1+ 69. Kh2 Qh4+ 1/2-1/2


[Site "https://www.chess.com"]